Map: Arctic Gates

Players

meowmeowcute - Winner!

  • Race: Protoss Protoss
  • Spawn Location: 3:00

Anzu - Winner!

  • Race: Zerg Zerg
  • Spawn Location: 0:00

VOD

Have the link to the VOD?

Description

Time

  • Played on: Dec. 22, 2017, 3:11 p.m.
  • Length: 16:38
Show
View Real Time Build Order
Export as new Build Order

meowmeowcute Protoss - Winner!

Build Orders:  

Get SALT Encoding   

  12  0:25  Probe (Chrono Boost)  
  12  0:29  Pylon  
  13  1:05  Gateway  
  13  1:06  Probe (Chrono Boost)  
  13  1:07  Forge  
  14  1:19  Assimilator  
  14  1:20  Probe (Chrono Boost)  
  15  1:32  Probe (Chrono Boost)  
  16  1:41  Assimilator  
  16  1:43  Probe (Chrono Boost)  
  18  2:00  Probe (Chrono Boost)  
  18  2:17  Probe (Chrono Boost)  
  19  2:20  Cybernetics Core  
  19  2:22  Zealot  
  21  2:34  Probe (Chrono Boost)  
  23  2:51  Probe (Chrono Boost)  
  23  3:27  Pylon  
  23  3:50  Pylon  
  23  3:55  Probe (Chrono Boost)  
  25  4:12  Probe (Chrono Boost)  
  25  4:25  Zealot  
  25  4:27  Twilight Council  
  27  4:53  Probe (Chrono Boost)  
  28  5:03  Sentry  
  28  5:08  Robotics Facility  
  30  5:21  Gateway  
  30  5:47  Nexus  
  32  5:50  Pylon  
  32  6:02  Protoss Shields Level 1  
  32  6:10  Unknown  
  32  6:17  Dark Shrine  
  32  6:35  Assimilator  
  32  6:55  Stargate  
  32  7:11  Gateway  
  32  7:13  Gateway  
  32  7:16  Zealot x2  
  36  7:37  Protoss Air Armor Level 1  
  36  7:54  Stalker  
  36  7:57  Probe (Chrono Boost)  
  39  8:14  Probe (Chrono Boost)  
  42  8:32  Sentry  
  44  9:04  Stalker, Unknown  
  46  9:10  Probe (Chrono Boost)  
  47  9:22  Probe (Chrono Boost)  
  48  9:35  Probe (Chrono Boost), Pylon  
  48  9:39  Pylon  
  49  9:49  Fleet Beacon  
  50  9:51  Zealot  
  50  9:52  Probe (Chrono Boost)  
  50  9:54  Zealot  
  58  10:08  Unknown  
  58  10:09  Probe (Chrono Boost)  
  59  10:11  Phoenix  
  61  10:30  Protoss Air Weapons Level 1  
  61  10:34  Unknown  
  61  10:37  Unknown  
  61  10:54  Photon Cannon  
  61  11:06  Photon Cannon  
  61  11:28  Assimilator  
  69  12:49  Zealot  
  71  12:50  Zealot  
  71  12:51  Zealot  
  71  12:54  Zealot  
  73  13:03  Unknown  
  75  13:30  Protoss Ground Armor Level 1  
  77  13:54  Pylon  
  77  13:57  Pylon  
  77  14:05  Unknown  
  77  14:06  Unknown  
  77  14:07  Unknown  
  75  14:10  Unknown  
  75  14:19  Tempest  
  85  14:52  Unknown  
  85  14:54  Unknown  
  83  15:01  Unknown x2  
  83  15:04  Unknown x2  
  87  16:08  Stargate  
Show
View Real Time Build Order
Export as new Build Order

Anzu Zerg - Winner!

Build Orders:  

Get SALT Encoding   

  12  0:07  Drone  
  13  0:17  Drone  
  14  0:43  Spawning Pool  
  14  0:45  Drone  
  14  0:54  Overlord  
  14  1:08  Extractor, Drone  
  14  1:21  Drone  
  15  1:41  Drone  
  16  1:52  Queen, Evolution Chamber  
  16  1:59  Zergling x4  
  19  2:02  Zergling x2  
  20  2:21  Drone  
  21  2:49  Drone  
  22  2:57  Extractor  
  22  2:58  Overlord  
  21  3:16  Drone  
  22  3:26  Drone  
  23  3:30  Drone  
  24  3:54  Zergling x4  
  24  3:55  Zergling x2  
  27  4:12  Drone  
  27  4:13  Hatchery  
  27  4:21  Drone  
  27  4:22  Overlord  
  28  4:34  Spine Crawler  
  28  4:36  Drone  
  28  4:50  Zerg Missile Weapons Level 1  
  28  4:51  Roach Warren  
  27  5:10  Drone x3  
  30  5:26  Overlord  
  30  5:35  Lair  
  30  6:00  Roach x3  
  36  6:12  Queen  
  36  6:13  Drone x2  
  40  6:27  Drone  
  41  6:39  Roach x3  
  47  6:47  Glial Reconstitution  
  47  6:56  Drone  
  48  7:33  Extractor  
  48  7:35  Extractor  
  46  7:41  Metabolic Boost  
  46  7:43  Spire  
  46  7:44  Drone x2  
  46  7:45  Drone  
  48  7:50  Spore Crawler  
  48  7:57  Spore Crawler  
  45  8:27  Drone x3  
  45  8:29  Drone  
  49  8:30  Drone x2  
  49  8:32  Unknown  
  50  8:51  Spine Crawler  
  50  8:52  Roach  
  51  9:12  Drone  
  51  9:15  Overlord  
  51  9:16  Overlord x2  
  52  9:29  Zerg Missile Weapons Level 2  
  52  9:49  Drone x2  
  54  9:56  Zerg Flyer Weapons Level 1  
  54  10:00  Drone x3  
  54  10:09  Infestation Pit  
  56  10:11  Drone  
  56  10:14  Drone x5  
  56  10:15  Drone  
  63  10:43  Mutalisk x4, Spore Crawler  
  70  11:13  Drone x3  
  73  11:26  Hatchery  
  72  11:40  Mutalisk  
  74  12:11  Mutalisk  
  74  12:13  Overlord x2  
  74  12:14  Overlord x2  
  74  12:17  Extractor  
  75  12:20  Extractor  
  74  12:46  Zerg Flyer Weapons Level 2  
  74  13:15  Mutalisk x3  
  74  13:16  Mutalisk x3  
  86  13:24  Drone x2  
  88  13:57  Zerg Ground Armor Level 1  
  88  14:06  Drone x2  
  90  14:22  Mutalisk x3  
  90  14:23  Mutalisk x2  
  90  14:25  Overlord  
  90  14:26  Overlord x2  
  90  14:27  Overlord  
  100  14:32  Hive  
  100  14:59  Drone x3  
Tags
 
Add a new tag
Caveats
  • Supply blocks, unpowered buildings, or Contaminate may cause inaccurate times.
  • Supply counts are checked every 10 seconds.